 Dungeon Crawl Stone Soup version 0.29.1-14-g9c671dbff4 (webtiles) character file.

Game seed: 11857303501130514819

263 cdecastro the Cleaver (level 6, -5/51 HPs)
             Began as a Hill Orc Fighter on Feb 13, 2023.
             Was an Initiate of Dithmenos.
             Slain by Prince Ribbit (12 damage)
             ... on level 5 of the Dungeon.
             The game lasted 00:05:07 (3854 turns).

cdecastro the Cleaver (Hill Orc Fighter)            Turns: 3854, Time: 00:05:07

Health: -5/51      AC: 10    Str: 21    XL:     6   Next: 19%
Magic:  6/6        EV:  9    Int:  8    God:    Dithmenos [......]
Gold:   223        SH:  0    Dex: 10    Spells: 5/5 levels left

rFire   . . .      SeeInvis .   A - +1 hand axe (flame)
rCold   . . .      Faith    .   (no shield)
rNeg    . . .      Spirit   .   b - +0 scale mail
rPois   .          Reflect  .   k - +2 hat
rElec   .          Harm     .   o - scarf {repulsion}
rCorr   .          Rampage  .   (no gloves)
Will    +....                   v - +0 pair of boots
Stlth   ..........              (no amulet)
HPRegen 0.17/turn               f - ring of willpower
MPRegen 0.10/turn               (no ring)

@: repel missiles
A: no striking features
a: Renounce Religion


You were on level 5 of the Dungeon.
You worshipped Dithmenos.
Dithmenos was noncommittal.
You visited 1 branch of the dungeon, and saw 5 of its levels.

You collected 223 gold pieces.

Inventory:

Hand Weapons
 a - a +0 war axe
 i - a +2 vorpal spear
 A - a +1 hand axe of flaming (weapon)
Missiles
 h - 5 boomerangs (quivered)
Armour
 b - a +0 scale mail (worn)
 c - a +0 buckler
 k - a +2 hat (worn)
 o - a scarf of repulsion (worn)
 v - a +0 pair of boots (worn)
Magical Staves
 p - a staff of death
Jewellery
 f - a ring of willpower (left hand)
Wands
 r - a wand of roots (15)
 C - a wand of paralysis (12)
Scrolls
 e - 4 scrolls of teleportation {unknown}
 g - 5 scrolls of identify {unknown}
 j - a scroll of fear {unknown}
 l - 2 scrolls of noise {unknown}
 m - a scroll of acquirement {unknown}
 n - 5 scrolls of fog {unknown}
 q - a scroll of enchant weapon {unknown}
 s - a scroll of blinking {unknown}
 t - a scroll of vulnerability {unknown}
 u - a scroll of poison {unknown}
 w - a scroll of enchant armour {unknown}
 x - a scroll of summoning {unknown}
 y - a scroll of torment {unknown}
Potions
 d - a potion of might
 z - 2 potions of mutation {unknown}
 B - a potion of degeneration {unknown}


   Skills:
 - Level 3.6 Fighting
 + Level 8.3 Axes
 - Level 3.2 Armour
 - Level 3.2 Shields


You had 5 spell levels left.
You didn't know any spells.
Your spell library contained the following spells:

 Spells                   Type           Power      Damage    Failure   Level
 Magic Dart               Conj           0%         1d3       75%         1
 Call Imp                 Summ           0%         N/A       87%         2
 Mephitic Cloud           Conj/Pois/Air  0%         N/A       98%         3
 Animate Dead             Necr           0%         N/A       100%        4
 Borgnjor's Vile Clutch   Necr/Erth      0%         N/A       100%        5
 Death Channel            Necr           0%         N/A       100%        6


Dungeon Overview and Level Annotations

Branches:
Dungeon (5/15)
 Temple: D:4-7

Altars:
Dithmenos

Annotations:
D:3 2 transporters, Thatpatchoflichen's ghost, amateur OgMo
D:4 Sigmund
D:5 Prince Ribbit


Message History

HP restored.
Found a stone staircase leading down.
Found a stone staircase leading down.
Found a stone staircase leading down.
Found a ring mail.
You see here a +0 ring mail.
n - 5 scrolls labelled MECYSOQARHU (gained 3)
l - 2 scrolls labelled MOTSASTR ROYBB (gained 1)
You pick up a book of Minor Magic and begin reading...
You add the spells Magic Dart, Call Imp and Mephitic Cloud to your library.
Prince Ribbit comes into view.
Found a robe.
Prince Ribbit gives a loud, deep croak!
Prince Ribbit is nearby!
Prince Ribbit is nearby!
Prince Ribbit is nearby!
Prince Ribbit catches a blue-tailed skink with his tongue.
Prince Ribbit blinks!
Prince Ribbit attacks as you move away!
Prince Ribbit hits you but does no damage.
You miss Prince Ribbit. Prince Ribbit hits you.
You closely miss Prince Ribbit. Prince Ribbit closely misses you.
Prince Ribbit hits you!
You closely miss Prince Ribbit. Prince Ribbit hits you.
You miss Prince Ribbit. Prince Ribbit hits you.
You slash Prince Ribbit! You burn Prince Ribbit.
Prince Ribbit is moderately wounded.
Prince Ribbit blinks!
Prince Ribbit hits you!
* * * LOW HITPOINT WARNING * * *
You closely miss Prince Ribbit. Your punch misses Prince Ribbit.
Prince Ribbit is moderately wounded.
Prince Ribbit completely misses you.
You miss Prince Ribbit.
Prince Ribbit is moderately wounded.
Prince Ribbit blinks!
Prince Ribbit attacks as you move away! Prince Ribbit hits you!
* * * LOW HITPOINT WARNING * * *
Prince Ribbit hits you!
You die...

##.....####......
......#
#.......#...#####
.......
#..........## #
.......
##.......###
....... ###....##
......F ##.....#
[......##
###..#####
........####...##
#..##..@###
##.....F.##
##.......#
#......##
#.#...## #.#####
..# #... .###


You could see Prince Ribbit.

Vanquished Creatures
  A phantom (D:3)
  A jelly (D:5)
  Jessica (D:2)
  An iguana (D:4)
  3 gnolls
  3 adders
  A dart slug (D:1)
  An orc (D:4)
  6 ball pythons
  5 bats
  3 endoplasms
  A giant cockroach (D:4)
  6 goblins
  8 hobgoblins
  3 kobolds
  2 frilled lizards
  5 rats
51 creatures vanquished.

Notes
Turn   | Place    | Note
-------+----------+-------------------------------------------
     0 | D:1      | cdecastro the Hill Orc Fighter began the quest for the Orb.
     0 | D:1      | Reached XP level 1. HP: 19/19 MP: 1/1
    90 | D:1      | Reached skill level 3 in Axes
   343 | D:1      | Found a faded altar of an unknown god.
   438 | D:1      | Reached XP level 2. HP: 25/26 MP: 2/2
   831 | D:1      | Reached skill level 4 in Axes
  1501 | D:2      | Reached XP level 3. HP: 31/31 MP: 3/3
  1674 | D:2      | Noticed Jessica
  1679 | D:2      | Killed Jessica
  1680 | D:2      | Reached skill level 5 in Axes
  1681 | D:2      | Reached XP level 4. HP: 39/39 MP: 4/4
  2028 | D:3      | Noticed Thatpatchoflichen's ghost (amateur OgMo)
  2028 | D:3      | Found a transporter.
  2031 | D:3      | Found a transporter.
  2247 | D:3      | Found a shadowy altar of Dithmenos.
  2804 | D:3      | Became a worshipper of Dithmenos the Shadowed
  2864 | D:4      | Noticed a phantom
  2970 | D:3      | Killed a phantom
  2971 | D:3      | Reached skill level 7 in Axes
  2971 | D:3      | Reached XP level 5. HP: 18/45 MP: 5/5
  3483 | D:3      | Reached skill level 8 in Axes
  3546 | D:4      | Reached XP level 6. HP: 51/51 MP: 6/6
  3713 | D:4      | Noticed Sigmund
  3734 | D:5      | Entered Level 5 of the Dungeon
  3836 | D:5      | Noticed Prince Ribbit
  3854 | D:5      | Slain by Prince Ribbit

Illustrated notes

Levels and vault maps discovered:
D:1:      dpeg_arrival_signposts, layout_loops_corners,
          shapermc_ecumenical_altar_mp_highgroup
D:2:      layout_basic, chequers_serial_rivers_large_a, uniq_jessica
D:3:      layout_basic, mainiacjoe_overflow_24_doors, gammafunk_ghost_mausoleum,
          hex_medium
D:4:      layout_loops_corners, hangedman_decor_peaks_small, uniq_grinder,
          uniq_sigmund
D:5:      layout_cave_pods, nicolae_vehumet_altar_sigil, lemuel_round_altar,
          uniq_prince_ribbit1

Skill      XL: |  1  2  3  4  5 |
---------------+----------------+-----
Axes           | 3 4 5 7 8 |  8.3
Fighting       | |  3.6
Armour         | |  3.2
Shields        | |  3.2

Action                   |  1- 3 |  4- 6 || total
-------------------------+-------+-------++-------
Melee: War axe           |    58 |       ||    58
       Spear             |    27 |    19 ||    46
       Punch             |     1 |       ||     1
       Hand axe          |       |    64 ||    64
Armor: Scale mail        |    44 |    31 ||    75
Dodge: Dodged            |    35 |    28 ||    63
Block: Buckler           |     3 |       ||     3
